 Dungeon Crawl Stone Soup version 0.30-b1-2-g02819fbbbe (webtiles) character file.

Game seed: 15322522887261451909

1367 MajorAdolf the Fighter (level 8, -4/76 HPs)
             Began as a Naga Wanderer on Dec 31, 2023.
             Was a Follower of Hepliaklqana.
             Slain by an acid dragon (5 damage)
             ... on level 6 of the Dungeon on Jan 1, 2024.
             The game lasted 00:09:39 (5065 turns).

MajorAdolf the Fighter (Naga Wanderer)              Turns: 5065, Time: 00:09:39

Health: -4/76      AC: -1    Str: 14    XL:     8   Next: 65%
Magic:  10/10      EV: 14    Int: 15    God:    Hepliaklqana [*.....]
Gold:   261        SH:  0    Dex: 11    Spells: 8/9 levels left

rFire   . . .        a - +2 quarterstaff
rCold   . . .        (shield currently unavailable)
rNeg    . . .        o - +2 robe
rPois   +            (no helmet)
rElec   .            b - +0 cloak
rCorr   .            (no gloves)
SInv    +            (no barding)
Will    +....        A - amulet of regeneration
Stlth   +++          h - +5 ring of evasion
HPRegen 1.12/turn    (no ring)
MPRegen 0.12/turn

%: no passive effects
@: corroded, very slow
A: reduced essence, AC +2, large, see invisible, deformed body, poison
resistance, slowness 2, spit poison 1, naga tail 1
a: Spit Poison, Renounce Religion, Recall Ancestor, Ancestor Identity


You were on level 6 of the Dungeon.
You worshipped Hepliaklqana.
Hepliaklqana was aware of your devotion.
You visited 2 branches of the dungeon, and saw 7 of its levels.

You collected 261 gold pieces.

Inventory:

Hand Weapons
 a - a +2 quarterstaff (weapon)
 B - a +0 spear
Armour
 b - a +0 cloak (worn)
 m - a scarf of invisibility
 o - a +2 robe (worn)
Jewellery
 f - an amulet of the acrobat
 h - a +5 ring of evasion (left hand)
 A - an amulet of regeneration (around neck)
Scrolls
 d - a scroll of enchant armour {unknown}
 i - 5 scrolls of identify {unknown}
 k - 4 scrolls of teleportation {unknown}
 l - a scroll of torment {unknown}
 q - a scroll of poison {unknown}
 r - a scroll of noise {unknown}
 t - a scroll of fear {unknown}
 v - a scroll of magic mapping {unknown}
 w - 2 scrolls of immolation
 y - 2 scrolls of vulnerability {unknown}
Potions
 c - a potion of lignification {unknown}
 e - 4 potions of curing {unknown}
 g - 2 potions of attraction {unknown}
 j - a potion of magic {unknown}
 n - a potion of flight {unknown}
 p - a potion of degeneration {unknown}
 s - a potion of might
 u - 2 potions of brilliance {unknown}
 x - 2 potions of heal wounds
 z - a potion of berserk rage {unknown}


   Skills:
 + Level 9.4 Fighting
 + Level 1.0(2.6) Polearms
 - Level 4.0 Staves
 - Level 1.0 Dodging
 - Level 5.0 Stealth
 - Level 1.0 Spellcasting
 - Level 1.0 Fire Magic
 + Level 2.7 Invocations
 - Level 1.0 Evocations


You had 8 spell levels left.
You knew the following spells:

 Your Spells              Type           Power      Damage    Failure   Level
a - Foxfire               Conj/Fire      8%         2x1d4     21%         1

Your spell library contained the following spells:

 Spells                   Type           Power      Damage    Failure   Level
 Ignite Poison            Fire/Tmut/Pois 1%         N/A       54%         3
 Vhi's Electric Charge    Tloc/Air       0%         N/A       58%         3
 Arcjolt                  Conj/Air       0%         1d10      100%        5
 Plasma Beam              Fire/Air       1%         2x1d12    100%        6


Dungeon Overview and Level Annotations

Branches:
Dungeon (6/15)             Temple (1/1) D:4

Altars:
Ashenzari
Dithmenos
Elyvilon
Fedhas
Hepliaklqana
Makhleb
Nemelex Xobeh
Okawaru
Qazlal
Ru
Sif Muna
Trog
Uskayaw
Vehumet
Wu Jian
Xom
Yredelemnul
Zin
The Shining One

Annotations:
D:3 3 runed translucent doors, Maxximus80's ghost, weakling GrEE


Innate Abilities, Weirdness & Mutations

Your life essence is reduced to manifest your ancestor. (-10% HP)
Your serpentine skin is tough. (AC +2)
You have supernaturally acute eyesight. (SInv)
Armour fits poorly on your strangely shaped body.
Your system is resistant to poisons. (rPois)
You cover ground very slowly.
You can spit poison.
You have a snake-like lower body.


Message History

Your base Polearms skill increases to level 1!
No target in view!
You start resting.
Magic restored.
u - 2 bubbling dark potions (gained 1)
Found a scroll of immolation.
You now have 261 gold pieces (gained 12).
w - 2 scrolls of immolation (gained 1)
Found a book of Rime.
An acid dragon comes into view.
Found a scroll labelled ZIEMEO SAIBB.
Found a stone staircase leading up.
Found a stone staircase leading down.
The acid dragon roars!
The acid dragon spits acid at you. The splash of acid hits you!!
The acid corrodes you! The acid dragon bites you.
The acid dragon claws you but does no damage.
You see here a book of Rime.
Found a scroll labelled SAEMECA CE SOJ.
The acid dragon spits acid at you. The splash of acid hits you!
The acid corrodes you!
You hit the acid dragon but do no damage.
Tiberia barely misses the acid dragon.
The acid dragon spits acid at you. The splash of acid hits you!!
* * * LOW HITPOINT WARNING * * *
You hit the acid dragon but do no damage.
Tiberia hits the acid dragon.
The acid dragon closely misses Tiberia.
The acid dragon claws Tiberia but does no damage.
Tiberia hits the acid dragon.
Unknown command.
The acid dragon spits acid at you.
The splash of acid hits Tiberia!
Tiberia hits the acid dragon.
The acid dragon bites Tiberia!
The acid dragon claws Tiberia.
Okay, then.
Tiberia closely misses the acid dragon.
Tiberia barely misses the acid dragon.
The acid dragon bites you!
* * * LOW HITPOINT WARNING * * *
The acid dragon claws you.
You die...

#### .?. ######
#.###......
.####<...?.#.#
...........#.#
#.#.@.....# #
#..D......#
#.####.#R......#
>.............##
###.###.........
#....#.........
.###.###.##.#.##.#####
.......<.##...# .#
.....########## .#


You could see the friendly Tiberia the ancestor and an acid dragon (ally
target).

Vanquished Creatures
  Sigmund (D:3)
  A water moccasin (D:5)
  2 black bears (D:4)
  An ogre (D:4)
  A centaur (D:6)
  3 orc priests
  A hound (D:5)
  3 sleepcaps
  Natasha (twice) (D:4)
  2 orc wizards
  2 iguanas
  5 adders
  A shadow imp (D:5)
  An ufetubus (D:4)
  2 worms
  3 dart slugs (D:1)
  14 orcs
  6 endoplasms
  9 giant cockroaches (D:3)
  7 goblins
  6 hobgoblins
  2 quokkas
  3 ball pythons
  6 bats
  2 frilled lizards (D:2)
  4 kobolds
  6 rats
96 creatures vanquished.

Vanquished Creatures (collateral kills)
  2 ice beasts
  A sky beast (D:6)
3 creatures vanquished.

Vanquished Creatures (others)
  85 foxfires
85 creatures vanquished.

Grand Total: 184 creatures vanquished

Notes
Turn   | Place    | Note
-------+----------+-------------------------------------------
     0 | D:1      | MajorAdolf the Naga Wanderer began the quest for the Orb.
     0 | D:1      | MajorAdolf set off with the following items: a +2
                  | quarterstaff, a +0 cloak, a potion of heal wounds, a +0
                  | leather armour; and the following spell memorised: Foxfire;
                  | and the following spells available to memorise: Ignite
                  | Poison.
     0 | D:1      | Reached XP level 1. HP: 18/18 MP: 2/2
   378 | D:1      | Reached XP level 2. HP: 25/25 MP: 3/3
   579 | D:2      | Reached skill level 2 in Fighting
   708 | D:2      | Reached XP level 3. HP: 32/32 MP: 4/4
   781 | D:2      | Found a faded altar of an unknown god.
  1057 | D:3      | Found a burning altar of Makhleb.
  1156 | D:3      | Noticed Sigmund
  1167 | D:3      | Killed Sigmund
  1168 | D:3      | Reached skill level 4 in Fighting
  1168 | D:3      | Reached skill level 5 in Stealth
  1168 | D:3      | Reached XP level 4. HP: 25/45 MP: 5/5
  1168 | D:3      | Reached XP level 5. HP: 29/51 MP: 6/6
  1412 | D:3      | Found a runed translucent gate.
  1417 | D:3      | Found a runed translucent gate.
  1417 | D:3      | Noticed Maxximus80's ghost (weakling GrEE)
  1418 | D:3      | Found a runed translucent gate.
  1419 | D:3      | Identified the +0 leather armour "Voitopp" {Will++}
  1431 | D:3      | Reached XP level 6. HP: 60/60 MP: 7/7
  1525 | D:3      | Reached skill level 5 in Fighting
  1531 | D:3      | HP: 2/61 [orc/+0 trident (7)]
  2114 | D:4      | Noticed a black bear
  2123 | D:4      | Killed a black bear
  2124 | D:4      | Reached skill level 6 in Fighting
  2124 | D:4      | Reached XP level 7. HP: 60/70 MP: 8/8
  2271 | D:4      | Found a staircase to the Ecumenical Temple.
  2297 | Temple   | Entered the Ecumenical Temple
  2557 | Temple   | Became a worshipper of Hepliaklqana the Forgotten
  2626 | D:4      | Reached skill level 7 in Fighting
  3092 | D:4      | Noticed Natasha
  3099 | D:4      | Killed Natasha
  3124 | D:4      | Noticed Natasha
  3132 | D:4      | Killed Natasha
  3521 | D:5      | Entered Level 5 of the Dungeon
  3752 | D:5      | Reached skill level 8 in Fighting
  3954 | D:5      | Reached XP level 8. HP: 19/82 MP: 7/9
  4194 | D:5      | Reached * piety under Hepliaklqana
  4813 | D:5      | Reached skill level 9 in Fighting
  4876 | D:6      | Reached skill level 1 in Invocations
  5039 | D:6      | Reached skill level 1 in Polearms
  5065 | D:6      | HP: 1/76 [acid dragon (11)]
  5065 | D:6      | Slain by an acid dragon

Illustrated notes

Levels and vault maps discovered:
D:1:      tarquinn_simple_flora_water_d, layout_basic
D:2:      layout_basic, hellmonk_ecumenical_altar_blasted
D:3:      minmay_roachtagon, layout_basic, mainiacjoe_overflow_boulevard,
          biasface_ghost_orc_armoury, item_on_display_a, uniq_sigmund
D:4:      layout_basic, minmay_temple_entry_butterflies, wad_floor_pattern_1,
          uniq_natasha
D:5:      minmay_evil_eye, layout_basic
D:6:      layout_loops_ring, hangedman_decor_diamond_cutter, uniq_edmund
Temple:   nicolae_temple_bog_church

Skill      XL: |  1  2  3  4  5  6  7  8 |
---------------+-------------------------+-----
Stealth        | 2 3 5 |  5.0
Fighting       | 2 4 6 8 9 |  9.4
Invocations    | 2 |  2.7
Polearms       | 1 |  1.0
Staves         | |  4.0
Dodging        | |  1.0
Spellcasting   | |  1.0
Fire Magic     | |  1.0
Evocations     | |  1.0

Action                     |  1- 3 |  4- 6 |  7- 9 || total
---------------------------+-------+-------+-------++-------
  Melee: Quarterstaff      |    83 |    68 |   160 ||   311
   Cast: Foxfire           |       |     3 |    44 ||    47
Ability: Spit Poison       |     5 |     7 |     6 ||    18
    Use: Potion            |       |     1 |       ||     1
   Stab: Sleeping          |     6 |     2 |     2 ||    10
 Armour: Leather armour    |    22 |       |       ||    22
         Robe              |       |    26 |    42 ||    68
  Dodge: Dodged            |    47 |    63 |   116 ||   226
